 Dungeon Crawl Stone Soup version 0.29.0-4-gdea44cf6ec (webtiles) character file.

Game seed: 2195031879679551571

182 qw the Chopper (level 5, -2/37 HPs)
             Began as a Barachi Chaos Knight on Sept 4, 2022.
             Slain by a gnoll
             ... wielding a +0 spear
              (5 damage)
             ... on level 3 of the Dungeon.
             The game lasted 00:01:21 (2991 turns).

qw the Chopper (Barachi Chaos Knight)               Turns: 2991, Time: 00:01:22

Health: -2/37      AC:  8    Str: 14 (15) XL:     5   Next: 61%
Magic:  5/5        EV:  9    Int: 10 (13) God:
Gold:   196        SH:  0    Dex: 14 (16) Spells: 4/4 levels left

rFire   . . .      SeeInvis .   Y - +0 hand axe (chaos)
rCold   . . .      Faith    .   (no shield)
rNeg    . . .      Spirit   .   i - +0 scale mail
rPois   .          Reflect  .   b - +2 hat of Ignis's Outrage {Dex+5}
rElec   .          Harm     .   (no cloak)
rCorr   .          Rampage  .   (no gloves)
Will    .....                   (no boots)
Stlth   ..........              (no amulet)
HPRegen 0.12/turn               (no ring)
MPRegen 0.09/turn               (no ring)

@: slow
A: amphibious, slowness 1, strong legs 1, +LOS, deterioration 1, frail 1
a: Hop


You were on level 3 of the Dungeon.
You visited 1 branch of the dungeon, and saw 3 of its levels.

You collected 196 gold pieces.


Innate Abilities, Weirdness & Mutations

You are amphibious.
You cover ground slowly.
You can hop short distances.
You have an extended range of vision and can be seen from far away.
Your body sometimes deteriorates upon taking damage.
You are frail. (-10% HP)


   Skills:
 - Level 4.1 Fighting
 + Level 6.5 Axes
 - Level 2.4 Armour
 - Level 1.1 Dodging


You had 4 spell levels left.
You didn't know any spells.
Your spell library was empty.

Inventory:

Hand Weapons
 f - a +0 morningstar
 Y - a +0 hand axe of chaos (weapon)
Armour
 b - the +2 hat of Ignis's Outrage (worn) {Dex+5}
   (You acquired it on level 2 of the Dungeon)

   Dex:       It affects your dexterity (+5).
 i - a +0 scale mail (worn)
Scrolls
 a - a scroll of identify
 d - a scroll of blinking {unknown}
Potions
 l - a potion of haste {unknown}
Miscellaneous
 c - a piece from Xom's chessboard (15/15)

Dungeon Overview and Level Annotations

Branches:
Dungeon (3/15)

Altars:


Message History

The gnoll hits you with a +0 halberd!
You closely miss the gnoll. The gnoll hits you with a +0 halberd.
Your body deteriorates!
You feel dopey.
A gnoll comes into view. It is wielding a +0 spear.
You hit the gnoll.
The gnoll goes berserk!
The gnoll is heavily wounded.
The gnoll hits you with a +0 halberd. The gnoll hits you but does no damage.
You hit the gnoll. You burn the gnoll.
The gnoll is severely wounded.
The gnoll hits you with a +0 halberd!
Your body deteriorates!
You feel weakened. The gnoll closely misses you.
You hit the gnoll.
The gnoll is poisoned.
The gnoll is almost dead.
The gnoll barely misses you.
The gnoll hits you from afar with a +0 spear.
The gnoll barely misses you.
You hit the gnoll.
The gnoll looks as sick as possible!
The gnoll is almost dead.
You kill the gnoll!
The gnoll misses you.
You hit the kobold.
You kill the kobold!
The gnoll closely misses you.
A gnoll comes into view. It is wielding a +0 club.
The gnoll shouts!
The gnoll hits you with a +0 spear.
Your body deteriorates!
You feel clumsy.
Things that are here:
a +0 short sword of protection; 5 stones; a +0 halberd You hit the gnoll but do no damage.
The gnoll hits you with a +0 spear.
You hit the gnoll.
Space warps around the gnoll.
The gnoll is moderately wounded.
The gnoll hits you but does no damage.
You barely miss the gnoll.
The gnoll is moderately wounded.
The gnoll hits you with a +0 spear.
You die...

### #.. #.$ #.# #####
#.# ...# #.####
##.###....###
#......###..######
####.%......@.......#
#.......#####g...##.#
#....%..# .#.##
####.......#### .# ..
#........)....# g# ##
#.##.......##.# .#
#.##.....).##.# .#
#.##...?...##.# .#
#.#####.#####.# .#


You could see 2 gnolls.

Vanquished Creatures
  An orc priest (D:3)
  Jessica (D:2)
  Robin (D:2)
  A gnoll (D:3)
  3 adders
  A worm (D:3)
  10 ball pythons
  3 bats
  6 endoplasms
  3 giant cockroaches (D:1)
  11 goblins
  9 hobgoblins
  6 jackals
  8 kobolds
  2 quokkas (D:3)
  A frilled lizard (D:2)
  5 rats
72 creatures vanquished.

Notes
Turn   | Place    | Note
-------+----------+-------------------------------------------
     0 | D:1      | qw the Barachi Chaos Knight began the quest for the Orb.
     0 | D:1      | Reached XP level 1. HP: 18/18 MP: 1/1
     0 | D:1      | 0 ||| qw: Version: 0.1-a-103-gd6f5d3a
     0 | D:1      | 0 ||| qw: Game counter: 5588
     0 | D:1      | 0 ||| qw: Always use a shield: true
     0 | D:1      | 0 ||| qw: God list: Okawaru
     0 | D:1      | 0 ||| qw: Allow faded altars: false
     0 | D:1      | 0 ||| qw: Do Orc after D:15 true
     0 | D:1      | 0 ||| qw: Do second Lair branch before Depths: true
     0 | D:1      | 0 ||| qw: Lair rune preference: random
     0 | D:1      | 0 ||| qw: Plans: Normal
     0 | D:1      | 0 ||| PLANNING D:1-11
     0 | D:1      | Fell from the grace of Xom
   100 | D:1      | Reached XP level 2. HP: 20/24 MP: 2/2
   164 | D:1      | 164 ||| Stepping ~*~*~tactically~*~*~ (stealth).
   165 | D:1      | 165 ||| Stepping ~*~*~tactically~*~*~ (stealth).
   167 | D:1      | Reached skill level 4 in Axes
   216 | D:1      | 216 ||| Stepping ~*~*~tactically~*~*~ (stealth).
   230 | D:1      | 230 ||| Stepping ~*~*~tactically~*~*~ (stealth).
   291 | D:1      | 291 ||| Stepping ~*~*~tactically~*~*~ (stealth).
   292 | D:1      | 292 ||| Stepping ~*~*~tactically~*~*~ (stealth).
   294 | D:1      | 294 ||| Stepping ~*~*~tactically~*~*~ (stealth).
   428 | D:1      | Reached XP level 3. HP: 29/29 MP: 3/3
   501 | D:1      | XOM: give mutations
   501 | D:1      | Gained mutation: You are frail. (-10% HP) [Xom's mischief]
   501 | D:1      | Gained mutation: Your body sometimes deteriorates upon
                  | taking damage. [Xom's mischief]
   541 | D:1      | XOM: 1-stop teleportation journey
   868 | D:1      | Found a faded altar of an unknown god.
  1205 | D:1      | 1205 ||| UPGRADING to +0 scale mail.
  1215 | D:1      | 1215 ||| DROPPING +2 leather armour.
  1216 | D:1      | 1216 ||| READING 2 scrolls labelled SISISAS INOGE.
  1217 | D:1      | 1217 ||| READING scroll labelled ENIOCR FALUSE.
  1268 | D:2      | 1268 ||| Stepping ~*~*~tactically~*~*~ (stealth).
  1363 | D:2      | 1363 ||| Stepping ~*~*~tactically~*~*~ (stealth).
  1376 | D:2      | 1376 ||| DROPPING +0 club.
  1395 | D:2      | 1395 ||| Stepping ~*~*~tactically~*~*~ (stealth).
  1401 | D:2      | Noticed Robin
  1405 | D:2      | Reached skill level 5 in Axes
  1405 | D:2      | 1405 ||| Stepping ~*~*~tactically~*~*~ (hiding).
  1415 | D:2      | Killed Robin
  1416 | D:2      | Reached XP level 4. HP: 32/32 MP: 4/4
  1438 | D:2      | 1438 ||| FLEEEEING.
  1439 | D:2      | 1439 ||| FLEEEEING.
  1440 | D:2      | 1440 ||| FLEEEEING.
  1444 | D:2      | 1444 ||| FLEEEEING.
  1445 | D:2      | 1445 ||| FLEEEEING.
  1446 | D:2      | 1446 ||| FLEEEEING.
  1447 | D:2      | 1447 ||| FLEEEEING.
  1448 | D:2      | 1448 ||| FLEEEEING.
  1449 | D:2      | 1449 ||| FLEEEEING.
  1450 | D:2      | 1450 ||| FLEEEEING.
  1451 | D:2      | 1451 ||| FLEEEEING.
  1452 | D:2      | 1452 ||| FLEEEEING.
  1453 | D:2      | 1453 ||| FLEEEEING.
  1454 | D:2      | 1454 ||| FLEEEEING.
  1560 | D:2      | 1560 ||| DROPPING +0 whip.
  1618 | D:2      | 1618 ||| Stepping ~*~*~tactically~*~*~ (stealth).
  1620 | D:2      | 1620 ||| Stepping ~*~*~tactically~*~*~ (stealth).
  1668 | D:2      | 1668 ||| Stepping ~*~*~tactically~*~*~ (stealth).
  1670 | D:2      | 1670 ||| Stepping ~*~*~tactically~*~*~ (stealth).
  1671 | D:2      | 1671 ||| Stepping ~*~*~tactically~*~*~ (stealth).
  1684 | D:2      | XOM: stat loss: -1 Int (12/13)
  1783 | D:2      | Noticed Jessica
  1790 | D:2      | Killed Jessica
  1962 | D:2      | Reached skill level 6 in Axes
  2200 | D:2      | XOM: stat loss: -2 Int (10/13)
  2243 | D:2      | 2243 ||| UPGRADING to +0 helmet.
  2248 | D:2      | 2248 ||| DROPPING ring of wizardry.
  2249 | D:2      | 2249 ||| READING scroll labelled PIUHEA PUITTUE.
  2250 | D:2      | 2250 ||| READING scroll labelled NIJOJY MACIUSCH.
  2250 | D:2      | Identified a scroll of acquirement
  2250 | D:2      | 2250 ||| ACQUIRING +2 hat of Ignis's Outrage {Dex+5}
  2250 | D:2      | Acquired the +2 hat of Ignis's Outrage {Dex+5}
  2252 | D:2      | 2252 ||| UPGRADING to +2 hat of Ignis's Outrage {Dex+5}.
  2262 | D:2      | 2262 ||| DROPPING +0 helmet.
  2263 | D:2      | 2263 ||| DRINKING 2 amethyst potions.
  2264 | D:2      | 2264 ||| READING 2 scrolls of identify.
  2264 | D:2      | 2264 ||| IDENTIFYING lumpy clear potion
  2265 | D:2      | 2265 ||| DROPPING potion of berserk rage.
  2333 | D:3      | Reached XP level 5. HP: 37/37 MP: 5/5
  2733 | D:3      | HP: 9/37 [orc priest/+0 dagger of electrocution (12)]
  2734 | D:3      | 2734 ||| READING scroll of teleportation.
  2748 | D:3      | HP: 5/37 [something (3)]
  2751 | D:3      | 2751 ||| DRINKING potion of curing.
  2751 | D:3      | 2751 ||| (to cure poison)
  2988 | D:3      | HP: 6/37 [gnoll/+0 spear (6)]
  2991 | D:3      | Slain by a gnoll

Levels and vault maps discovered:
D:1:      minmay_arrival_hallway, layout_basic,
          shapermc_ecumenical_altar_mp_highgroup, hex_large, minmay_ruptured
D:2:      layout_loops_ring, uniq_jessica, uniq_robin
D:3:      layout_loops_ring, gammafunk_temple_overflow_statue

Skill      XL: |  1  2  3  4  5 |
---------------+----------------+-----
Axes           | 4 5 6 |  6.5
Fighting       | 4 |  4.1
Armour         | |  2.4
Dodging        | |  1.1

Action                   |  1- 3 |  4- 6 || total
-------------------------+-------+-------++-------
Melee: Hand axe          |   119 |   129 ||   248
       Punch             |       |     1 ||     1
Invok: Renounce Religion |     1 |       ||     1
  Use: Scroll            |     2 |     4 ||     6
       Potion            |       |     2 ||     2
 Stab: Confused          |       |     1 ||     1
Armor: Leather armour    |    34 |       ||    34
       Scale mail        |    17 |    68 ||    85
Dodge: Dodged            |    61 |    41 ||   102

Table legend:
 A = Non-vault XP
 B = Vault XP
 C = Vault XP percentage of total XP
 D = Non-vault monster count
 E = Vault monster count
 F = Vault count percentage of total count
                 A         B        C        D         E       F
            +---------+---------+-------+---------+---------+-------
      Total |     187 |      73 |  28.1 |      58 |      14 |  19.4
            +---------+---------+-------+---------+---------+-------
        D:1 |      44 |       4 |   8.3 |      26 |       3 |  10.3
        D:2 |      41 |      69 |  62.7 |      18 |      11 |  37.9
        D:3 |     102 |       0 |   0.0 |      14 |       0 |   0.0
            +---------+---------+-------+---------+---------+-------
